 Dungeon Crawl Stone Soup version 0.27-a0-1087-gf39c287674 (webtiles) character file.

Game seed: 10870732867795851808

6059 Hodglim the Cleaver (level 10, -5/92 HPs)
             Began as a Hill Orc Monk on Apr 26, 2021.
             Was an Elder of Beogh.
             Killed from afar by an efreet (20 damage)
             ... with a bolt of fire
             ... on level 8 of the Dungeon.
             The game lasted 00:54:46 (8075 turns).

Hodglim the Cleaver (Hill Orc Monk)                 Turns: 8075, Time: 00:54:47

Health: -5/92      AC: 10    Str: 18    XL:     10   Next: 87%
Magic:  15/15      EV: 19    Int: 10    God:    Beogh [****..]
Gold:   478        SH:  0    Dex: 19    Spells: 9/9 levels left

rFire    . . .     SeeInvis .   a - +0 war axe
rCold    + . .     Faith    .   (no shield)
rNeg     . . .     Spirit   .   f - +2 ring mail {rC+}
rPois    .         Reflect  .   (no helmet)
rElec    .         Harm     .   j - +0 cloak
rCorr    .         Rampage  .   (no gloves)
Will     .....                  (no boots)
Stlth    +.........             d - amulet of regeneration
HPRegen  1.25/turn              p - +6 ring of dexterity
MPRegen  0.14/turn              b - +4 ring of evasion

@: no status effects
A: no striking features
a: Renounce Religion, Smiting, Recall Orcish Followers


You were on level 8 of the Dungeon.
You worshipped Beogh.
Beogh was greatly pleased with you.
You visited 2 branches of the dungeon, and saw 9 of its levels.
You also visited: Sewer.

You collected 478 gold pieces.

Inventory:

Hand Weapons
 a - a +0 war axe (weapon)
 F - the +10 spear of Aseimim {antimagic, rF+ rN+ Int+2}
   (You found it on level 4 of the Dungeon)

   It reduces the magical energy of the wielder, and disrupts the spells and
   magical abilities of those hit.
   Natural abilities and divine invocations are not affected.
   It affects your intelligence (+2).
   It protects you from fire.
   It protects you from negative energy.
Missiles
 k - 187 stones
 r - 2 throwing nets
 A - 13 boomerangs (quivered)
 H - 2 curare-tipped darts
Armour
 f - a +2 ring mail of cold resistance (worn)
 j - a +0 cloak (worn)
 J - the +1 robe of the End {Harm rF+++ Dex+3 Stlth-}
   (You found it on level 8 of the Dungeon)

   It affects your dexterity (+3).
   It renders you almost immune to fire.
   It increases damage dealt and taken.
   It makes you less stealthy.
 M - a +2 helmet of intelligence
Jewellery
 b - a +4 ring of evasion (right hand)
 d - an amulet of regeneration (around neck)
 p - a +6 ring of dexterity (left hand)
 N - the ring of Enowaxt {rC+ rN+ rCorr Int+2}
   (You found it on level 8 of the Dungeon)

   [ring of protection from cold]

   It affects your intelligence (+2).
   It protects you from cold.
   It protects you from negative energy.
   It protects you from acid and corrosion.
Wands
 m - a wand of paralysis (7)
 B - a wand of polymorph (6)
 K - a wand of iceblast (4)
Scrolls
 c - 2 scrolls of enchant armour {unknown}
 h - a scroll of blinking {unknown}
 n - 2 scrolls of immolation
 o - 2 scrolls of amnesia {unknown}
 u - a scroll of identify
 v - a scroll of enchant weapon {unknown}
 x - a scroll of teleportation {unknown}
 y - 2 scrolls of fear {unknown}
 C - a scroll of magic mapping
 I - 2 scrolls of vulnerability {unknown}
 L - a scroll of fog {unknown}
Potions
 e - 2 potions of flight
 g - 4 potions of brilliance
 l - a potion of mutation {unknown}
 q - 2 potions of degeneration {unknown}
 t - 6 potions of curing
 w - a potion of might {unknown}
 z - a potion of haste {unknown}
 D - a potion of invisibility {unknown}
 E - 4 potions of lignification
 G - a potion of magic {unknown}
Miscellaneous
 s - a condenser vane


   Skills:
 + Level 9.6 Fighting
 + Level 10.4 Axes
 + Level 8.0 Armour
 + Level 6.6 Dodging
 - Level 1.5 Stealth
 + Level 7.9 Invocations


You had 9 spell levels left.
You didn't know any spells.
Your spell library contained the following spells:

 Spells                   Type           Power      Damage    Failure   Level
 Corona                   Hex            0%         N/A       52%         1
 Foxfire                  Conj/Fire      0%         2x1d4     52%         1
 Corpse Rot               Necr/Air       N/A        N/A       67%         2
 Ensorcelled Hibernation  Hex/Ice        0%         N/A       67%         2
 Poisonous Vapours        Pois/Air       0%         N/A       67%         2
 Sublimation of Blood     Necr           0%         N/A       67%         2
 Confusing Touch          Hex            0%         N/A       88%         3
 Conjure Flame            Conj/Fire      0%         6-21      88%         3
 Dazzling Flash           Conj/Hex       0%         N/A       88%         3
 Inner Flame              Hex/Fire       0%         N/A       88%         3
 Mephitic Cloud           Conj/Pois/Air  0%         N/A       88%         3
 Tukima's Dance           Hex            0%         N/A       88%         3
 Dispel Undead            Necr           0%         3d6       99%         4
 Sticky Flame             Conj/Fire      0%         2d3       99%         4
 Agony                    Necr           0%         N/A       100%        5
 Excruciating Wounds      Necr           0%         N/A       100%        5
 Fireball                 Conj/Fire      0%         3d3       100%        5
 Freezing Cloud           Conj/Ice/Air   0%         6-21      100%        6


Dungeon Overview and Level Annotations

Branches:
Dungeon (8/15)             Temple (1/1) D:7           Sewer (visited)
   Lair: D:8-11

Altars:
Ashenzari
Cheibriados
Elyvilon
Fedhas
Gozag
Hepliaklqana
Kikubaaqudgha
Makhleb
Nemelex Xobeh
Okawaru
Qazlal
Ru
Sif Muna
Trog
Uskayaw
Vehumet
Wu Jian
Xom
Yredelemnul
Zin
The Shining One
Lugonu

Shops:
D:6 :

Annotations:
D:3 Grinder


Message History

The fireball explodes!
The fireball engulfs you!!
* * * LOW HITPOINT WARNING * * *
The fireball engulfs the efreet.
The efreet completely resists.
You feel much better. The efreet gestures at you.
The fireball explodes!
The fireball engulfs you!
* * * LOW HITPOINT WARNING * * *
The fireball engulfs the efreet.
The efreet completely resists.
As you read the scroll labelled PUGIOXKEUHI, it crumbles to dust.
The creatures around you are filled with an inner flame!
It was a scroll of immolation.
The efreet hits you with a +3 scimitar of flaming!
* * * LOW HITPOINT WARNING * * *
The efreet burns you.
* * * LOW HITPOINT WARNING * * *
You feel much better. The efreet gestures at you.
The fireball explodes!
The fireball engulfs you!!
* * * LOW HITPOINT WARNING * * *
The fireball engulfs the efreet.
The efreet completely resists.
You feel much better.
The efreet hits you with a +3 scimitar of flaming!
The efreet burns you.
* * * LOW HITPOINT WARNING * * *
As you read the scroll labelled BIMUEH UPINWE, it crumbles to dust.
You feel aware of your surroundings.
It was a scroll of magic mapping.
The efreet hits you with a +3 scimitar of flaming!
* * * LOW HITPOINT WARNING * * *
The efreet burns you.
* * * LOW HITPOINT WARNING * * *
The efreet gestures at you.
The fireball explodes!
The fireball engulfs you but does no damage.
The efreet gestures at you.
The fireball explodes!
The fireball engulfs you!
* * * LOW HITPOINT WARNING * * *
Items here: )) [ ††.
The efreet gestures at you. The bolt of fire hits you!!
You die...

..##oo#..###.#####o####.#.###..##
...###.####o##☼☼☼##.########o.#o.
...#..##o#.##☼###○##.#..####o##..
...#.#..##.#☼##°##.#.#.##[##o#...
...##.oo##o#○#.}.#.#)..#.o##.##..
...#.#.#.#.#R##.☼#.#.#.###o#o####
...#..#..#.##.###.##.#....o#o##
...###.####.##..###.####.###oo##
..##.#...###o###@#)###.....##.o##
.##.##o#..###..##.###.#####.##oo.
##..#.o##..#########.#....o#.##..
#..##.o.#...#.#.o##.#..###.o#.#..
#..#....##..##.##.#.#.#...#.#.#..
#).#..#..#..o##.##o.#.#.#.#.#.#..
#..##....#).#.##o##o#.#o..#.#.#..
#...#...##..##oo#.#.#))###..#.#..
##.o##o.#..#########.#))...#.##..


You could see an efreet (inner flame).

Vanquished Creatures
  A centaur warrior (D:8)
  A boulder beetle (D:8)
  A manticore (D:8)
  A wraith (D:8)
  Eustachio (D:5)
  2 sky beasts
  2 ice beasts
  4 necrophages
  2 ogres
  3 black bears
  2 centaurs
  A phantom (D:5)
  4 kobold brigands
  3 bullfrogs
  2 wyvern zombies (D:7)
  2 killer bees (D:8)
  2 wights (D:8)
  3 jellies
  A centaur zombie (D:7)
  2 bullfrog zombies
  A hound (D:6)
  3 iguanas
  3 orc wizards
  A scorpion zombie (D:5)
  A killer bee zombie (D:8)
  A hound zombie (D:5)
  A hound skeleton (D:5)
  A howler monkey zombie (D:8)
  3 gnolls (D:8)
  6 adders
  A shadow imp (D:7)
  A worm (D:2)
  2 dart slugs (D:1)
  23 orcs
  12 ball pythons
  7 endoplasms
  2 giant cockroaches
  3 goblins (D:2)
  6 hobgoblins
  22 kobolds
  4 quokkas
  7 bats
  8 frilled lizards
  9 rats
168 creatures vanquished.

Vanquished Creatures (collateral kills)
  A centaur warrior (D:8)
  A manticore (D:8)
  A troll (D:8)
  A yak (D:8)
  A steam dragon (D:8)
  An orc warrior (D:7)
  A sky beast (D:7)
  An ice beast (D:8)
  2 centaurs (D:8)
  A kobold brigand (D:8)
  2 bullfrogs (D:8)
  A scorpion (D:7)
  A killer bee (D:8)
  4 wights (D:8)
  An orc priest (D:6)
  2 jellies
  A gnoll shaman (D:8)
  3 orc wizards
  A gnoll (D:8)
  3 orcs
30 creatures vanquished.

Vanquished Creatures (others)
  An orc knight (D:8)
  3 orc warriors (D:8)
  2 orc wizards (D:8)
  An adder (D:3)
  10 orcs
  A fungus (Sewer)
  3 plants (Sewer)
21 creatures vanquished.

Grand Total: 219 creatures vanquished

Notes
Turn   | Place    | Note
-------+----------+-------------------------------------------
     0 | D:1      | Hodglim the Hill Orc Monk began the quest for the Orb.
     0 | D:1      | Reached XP level 1. HP: 19/19 MP: 1/1
   427 | D:1      | Reached XP level 2. HP: 27/27 MP: 2/2
   476 | D:1      | Reached skill level 1 in Armour
   878 | D:1      | Reached XP level 3. HP: 30/33 MP: 3/3
  1510 | D:2      | Reached XP level 4. HP: 40/40 MP: 4/4
  1722 | D:2      | Noticed a centaur
  1736 | D:2      | Killed a centaur
  1737 | D:2      | Reached skill level 5 in Axes
  1737 | D:2      | Reached XP level 5. HP: 33/47 MP: 5/5
  1940 | D:3      | Noticed Grinder
  1994 | D:3      | Found a glowing drain.
  2037 | Sewer    | Entered a sewer
  2200 | Sewer    | Noticed a kobold brigand
  2256 | Sewer    | Killed a kobold brigand
  2257 | Sewer    | Reached skill level 5 in Fighting
  2257 | Sewer    | Reached XP level 6. HP: 49/56 MP: 6/6
  2525 | D:3      | Became a worshipper of Beogh the Brigand
  2525 | D:3      | Reached * piety under Beogh
  2525 | D:3      | Reached ** piety under Beogh
  2691 | D:3      | Reached skill level 6 in Axes
  2691 | D:3      | Reached XP level 7. HP: 52/61 MP: 7/7
  2729 | D:3      | Paralysed by Grinder for 4 turns
  3302 | D:4      | Identified the +10 spear of Aseimim {antimagic, rF+ rN+
                  | Int+2}
  3346 | D:4      | Found a broken altar of Ashenzari.
  3346 | D:4      | Found a shimmering blue altar of Sif Muna.
  3355 | D:4      | Found a faded altar of an unknown god.
  3358 | D:4      | Found an ancient bone altar of Kikubaaqudgha.
  3360 | D:4      | Found a hide-covered altar of Uskayaw.
  4173 | D:5      | Entered Level 5 of the Dungeon
  4223 | D:4      | Reached skill level 7 in Axes
  4223 | D:4      | Reached skill level 1 in Invocations
  4223 | D:4      | Reached XP level 8. HP: 61/71 MP: 8/8
  4429 | D:5      | Found a stormy altar of Qazlal.
  4429 | D:5      | Found a white marble altar of Elyvilon.
  4562 | D:5      | Found a hazy altar of Hepliaklqana.
  4563 | D:5      | Found a shimmering altar of Xom.
  4564 | D:5      | Noticed a spectral ugly thing
  4586 | D:5      | Noticed Eustachio
  4656 | D:5      | Killed Eustachio
  4683 | D:5      | Reached skill level 5 in Armour
  4822 | D:5      | Reached *** piety under Beogh
  5213 | D:6      | Reached skill level 8 in Axes
  5213 | D:6      | Reached skill level 5 in Dodging
  5274 | D:6      | Reached XP level 9. HP: 69/79 MP: 10/12
  5375 | D:6      | Found Jyoddon's Book Shoppe.
  5818 | D:7      | Found a sparkling altar of Nemelex Xobeh.
  5826 | D:7      | Found a basalt altar of Yredelemnul.
  5831 | D:7      | Found a glowing silver altar of Zin.
  5843 | D:7      | Found a radiant altar of Vehumet.
  5843 | D:7      | Found an opulent altar of Gozag.
  5845 | D:7      | Found a blossoming altar of Fedhas.
  5850 | D:7      | Found an ornate altar of the Wu Jian Council.
  6093 | D:7      | Upgraded the game from 0.27-a0-1083-gcf8293e1eb to
                  | 0.27-a0-1087-gf39c287674
  6199 | D:7      | Found a staircase to the Ecumenical Temple.
  6212 | Temple   | Entered the Ecumenical Temple
  6467 | D:7      | Reached skill level 5 in Invocations
  7071 | D:8      | Reached skill level 9 in Axes
  7278 | D:8      | Noticed a manticore
  7281 | D:8      | Noticed a centaur warrior
  7281 | D:8      | Noticed a troll
  7291 | D:8      | Killed a manticore
  7297 | D:8      | Killed a troll
  7305 | D:8      | Killed a centaur warrior
  7306 | D:8      | Reached XP level 10. HP: 49/90 MP: 14/14
  7716 | D:8      | Reached **** piety under Beogh
  7870 | D:8      | Noticed a boulder beetle
  7894 | D:8      | Killed a boulder beetle
  7895 | D:8      | Reached skill level 10 in Axes
  7963 | D:8      | Identified the +1 robe of the End {Harm rF+++ Dex+3 Stlth-}
  7965 | D:8      | Noticed a centaur warrior
  7987 | D:8      | Killed a centaur warrior
  8018 | D:8      | Noticed a manticore
  8032 | D:8      | Killed a manticore
  8043 | D:8      | Identified the ring of Enowaxt {rC+ rN+ rCorr Int+2}
  8075 | D:8      | Killed from afar by an efreet

Illustrated notes

Levels and vault maps discovered:
D:1:      lemuel_arrival_cross, layout_loops_ring
D:2:      layout_basic, minivault_24, st_stairs_3
D:3:      layout_rooms, cheibrodos_sewer_entry_drain, columned_hall_lemuel,
          uniq_grinder, uniq_crazy_yiuf_cottage
D:4:      layout_basic, chequers_temple_overflow_minitemple
D:5:      layout_cave_pools, regret_index_temple_of_mockery,
          gammafunk_temple_overflow_elements, hangedman_glass_teeth,
          uniq_eustachio
D:6:      layout_loops_ring, serial_shops, shop
D:7:      layout_loops_cross, nicolae_overflow_hidden_temple,
          grunt_temple_overflow_open, minmay_temple_entry_grid
D:8:      minmay_the_grid_octo_tiled_octocenter [minmay_the_grid_octo_teeth,
          minmay_the_grid_octo_checkerflower, minmay_the_grid_octo_odd_swirl,
          minmay_the_grid_octo_concentric,
          minmay_the_grid_octo_prize_single_spiral,
          minmay_the_grid_square_5x5_inner_z, minmay_the_grid_square_5x5_corner,
          minmay_the_grid_square_5x5_n_small,
          minmay_the_grid_square_5x5_longway], layout_gridville
Temple:   corrupted_temple

Skill      XL: |  1  2  3  4  5  6  7  8  9 10 |
---------------+-------------------------------+-----
Armour         | 1 2 3 4 5 7 8 |  8.0
Fighting       | 4 5 6 7 8 9 |  9.6
Dodging        | 3 4 5 6 |  6.6
Axes           | 5 6 7 8 9 10 | 10.4
Invocations    | 1 4 6 7 |  7.9
Stealth        | |  1.5

Action                   |  1- 3 |  4- 6 |  7- 9 | 10-12 || total
-------------------------+-------+-------+-------+-------++-------
Melee: Hand axe          |    88 |   192 |    61 |       ||   341
       War axe           |       |       |   328 |   127 ||   455
 Fire: Hunting sling     |    20 |    14 |       |       ||    34
       Shortbow          |       |    19 |     2 |       ||    21
Throw: Boomerang         |       |       |    67 |     2 ||    69
Invok: Convert to Beogh  |       |     1 |       |       ||     1
  Use: Scroll            |       |       |     6 |     2 ||     8
       Potion            |       |       |     1 |     4 ||     5
 Stab: Sleeping          |       |     1 |     1 |       ||     2
       Distracted        |       |       |     2 |       ||     2
Armor: Ring mail         |    19 |    92 |   125 |    35 ||   271
       Scale mail        |     3 |       |       |       ||     3
Dodge: Dodged            |    54 |   133 |   369 |   141 ||   697

Table legend: (Time is in decaauts)
 A = Elapsed time spent in this place.
 B = Non-inter-level travel time spent in this place.
 C = Inter-level travel time spent in this place.
 D = Time resting spent in this place.
 E = Time spent auto-exploring this place.
 F = Levels seen in this place.
 G = Mean time per level.
                   A        B        C        D        E       F      G
               +--------+--------+--------+--------+--------+-----+--------+
         Total |   8204 |   7826 |    378 |    901 |   3656 |  10 |  820.4 |
       Dungeon |   7727 |   7360 |    367 |    901 |   3509 |   8 |  965.9 |
        Temple |     50 |     39 |     11 |      0 |     28 |   1 |   50.0 |
         Sewer |    425 |    425 |      0 |      0 |    119 |   1 |  425.0 |
               +--------+--------+--------+--------+--------+-----+--------+

Top non-repeatable levels by time:
     D:4: 1374 daAuts
     D:8: 1328 daAuts
     D:1: 1184 daAuts
     D:7: 934 daAuts
     D:5: 907 daAuts
     D:2: 826 daAuts
     D:6: 690 daAuts
     D:3: 481 daAuts
   Sewer: 425 daAuts
  Temple: 50 daAuts
